 Dungeon Sprint DCSS version 0.27-a0-46-g34d46f0a3f (webtiles) character file.

Game seed: 13537180986729298220

37 mhtbhm the Covered (level 3, -4/31 HPs)
             Began as a Human Fighter on Jan 6, 2021.
             Killed from afar by an orc wizard (7 damage)
             ... with a magic dart
             ... in the Dungeon (Sprint IX: "|||||||||||||||||||||||||||||").
             The game lasted 00:00:29 (109 turns).

mhtbhm the Covered (Human Fighter)                   Turns: 109, Time: 00:00:30

Health: -4/31      AC:  7    Str: 17    XL:     3   Next: 62%
Magic:  3/3        EV:  7    Int:  8    God:
Gold:   0          SH:  9    Dex: 12    Spells: 2/2 levels left

rFire    . . .     SeeInvis .   a - +0 long sword
rCold    . . .     Faith    .   c - +0 kite shield
rNeg     . . .     Spirit   .   b - +0 scale mail
rPois    .         Reflect  .   (no helmet)
rElec    .         Harm     .   (no cloak)
rCorr    .         Rampage  .   (no gloves)
Will     .....     NoTele   +   (no boots)
Stlth    ..........             (no amulet)
HPRegen  0.10/turn              (no ring)
MPRegen  0.08/turn              (no ring)

@: no status effects
A: no striking features
a: no special abilities


You were in the Dungeon.
You visited 1 branch

Inventory:

Hand Weapons
 a - a +0 long sword (weapon)
Armour
 b - a +0 scale mail (worn)
 c - a +0 kite shield (worn)
Scrolls
 j - a scroll of blinking
Potions
 d - a potion of might
 g - a potion of haste
 h - 2 potions of magic
 i - a potion of berserk rage


   Skills:
 + Level 4.5 Fighting
 + Level 3.2 Long Blades
 + Level 4.7 Armour
 + Level 4.2 Shields


You had 2 spell levels left.
You didn't know any spells.
Your spell library was empty.

Dungeon Overview and Level Annotations

Branches:
Dungeon (1/1)

Altars:


Message History

The orc wizard is almost dead.
The jackal bites you.
* * * LOW HITPOINT WARNING * * *
The orc wizard barely misses you. You block the jackal's attack.
You closely miss the orc wizard.
The orc wizard is almost dead.
The orc wizard gestures wildly while chanting.
The orc wizard blinks!
The jackal barely misses you.
The orc wizard gestures wildly while chanting.
The orc wizard blinks!
Unknown command.
The jackal bites you but does no damage.
The orc wizard mumbles some strange words.
The orc wizard seems to speed up.
There is an open door to the Dungeon here.
Things that are here:
a goblin corpse; a goblin corpse; a leopard gecko corpse The orc wizard casts a spell at you.
The magic dart hits you!
You die...

▓▓▓
▓<▓
▓.▓
▓o▓
▓@▓
▓§▓
▓h▓
▓l▓
▓Z▓
▓.▓
▓.▓
▓'▓
▓.▓


You could see an orc wizard (fast), a bat zombie, a jackal and a frilled lizard.

Vanquished Creatures
  A hound (D)
  A dart slug (D)
  A leopard gecko (D)
  3 goblins (D)
6 creatures vanquished.

Notes
Turn   | Place    | Note
-------+----------+-------------------------------------------
     0 | D        | mhtbhm the Human Fighter began the quest for the Orb.
     0 | D        | Reached XP level 1. HP: 18/18 MP: 1/1
    13 | D        | Reached XP level 2. HP: 19/24 MP: 2/2
    81 | D        | Reached XP level 3. HP: 15/31 MP: 3/3
   109 | D        | Killed from afar by an orc wizard

Illustrated notes

Levels and vault maps discovered:
D:        linesprint [early_d, line_temple, items_1, d_10, items_2, lair_1,
          lair_end, items_3, orc_1, orc_end, items_4, d_15, swamp_1, shoals_1,
          snake_1, spider_1, d_20, vaults_1, items_5, swamp_end, shoals_end,
          snake_end, spider_end, vaults_end, d_27, items_6, zot_1, zot_end,
          crypt_end, forest_end, elf_end, slime_end, tomb_end, abyss_end,
          pan_hell_end]

Skill      XL: |  1  2 |
---------------+-------+-----
Fighting       | 4 |  4.5
Long Blades    | 3 |  3.2
Armour         | 4 |  4.7
Shields        | 4 |  4.2

Action                   || total
-------------------------++-------
Melee: Long sword        ||    41
  Use: Potion            ||     2
Armor: Scale mail        ||    33
Dodge: Dodged            ||     9
Block: Kite shield       ||    28
       Rpst.: Long sword ||     1

Table legend: (Time is in decaauts)
 A = Elapsed time spent in this place.
 B = Non-inter-level travel time spent in this place.
 C = Inter-level travel time spent in this place.
 D = Time resting spent in this place.
 E = Time spent auto-exploring this place.
 F = Levels seen in this place.
 G = Mean time per level.
                   A        B        C        D        E       F      G
               +--------+--------+--------+--------+--------+-----+--------+
         Total |    123 |    123 |      0 |     50 |      3 |   1 |  123.0 |
       Dungeon |    123 |    123 |      0 |     50 |      3 |   1 |  123.0 |
               +--------+--------+--------+--------+--------+-----+--------+

Top non-repeatable levels by time:
       D: 123 daAuts
